 Dungeon Crawl Stone Soup version 0.31-a0-208-gdb31a4691d (webtiles) character file.

Game seed: 4397534075001209748

457 zazu2006 the Magician (level 7, -3/52 HPs)
             Began as a Gnoll Wanderer on June 28, 2023.
             Slain by Duvessa
             ... wielding a +0 rapier
              (11 damage)
             ... on level 4 of the Dungeon.
             The game lasted 00:13:39 (4932 turns).

zazu2006 the Magician (Gnoll Wanderer)              Turns: 4932, Time: 00:14:09

Health: -3/52      AC:  5    Str: 10    XL:     7   Next: 6%
Magic:  13/15      EV: 18    Int: 12    God:
Gold:   57         SH:  0    Dex: 14    Spells: 16/17 levels left

rFire   . . .        k - +0 long sword
rCold   . . .        (no shield)
rNeg    . . .        e - +0 robe
rPois   .            (no helmet)
rElec   .            (no cloak)
rCorr   .            A - +0 pair of gloves "Asil" {Will+}
SInv    .            c - +1 pair of boots
Will    +....        l - amulet of regeneration
Stlth   ++           r - +5 ring of evasion
HPRegen 1.08/turn    (no ring)
MPRegen 0.14/turn

%: no passive effects
@: no status effects
A: fangs 1, strong nose, distributed training
a: no special abilities


You were on level 4 of the Dungeon.
You visited 1 branch of the dungeon, and saw 5 of its levels.

You collected 237 gold pieces.
You spent 180 gold pieces at shops.

Inventory:

Hand Weapons
 a - a +0 dagger
 k - a +0 long sword (weapon)
Armour
 c - a +1 pair of boots (worn)
 e - a +0 robe (worn)
 A - the +0 pair of gloves "Asil" (worn) {Will+}
   (You found it on level 2 of the Dungeon)

   Will:      It increases your willpower.
Jewellery
 l - an amulet of regeneration (around neck)
 r - a +5 ring of evasion (left hand)
 x - an amulet of guardian spirit
Wands
 m - a wand of flame (20)
 z - a wand of digging (7)
Scrolls
 d - a scroll of silence {unknown}
 j - a scroll of teleportation {unknown}
 n - a scroll of enchant armour
 p - a scroll of immolation {unknown}
 q - 2 scrolls of fear
 w - a scroll of amnesia {unknown}
 y - a scroll of poison {unknown}
Potions
 f - a potion of brilliance
 i - 2 potions of curing
 o - a potion of magic
 s - a potion of cancellation {unknown}
 u - 2 potions of mutation
 v - a potion of resistance {unknown}


   Skills:
 + Level 3.5 Fighting
 + Level 2.3 Short Blades
 + Level 2.3 Long Blades
 + Level 2.3 Axes
 + Level 2.3 Maces & Flails
 + Level 2.3 Polearms
 + Level 2.3 Staves
 + Level 2.3 Ranged Weapons
 + Level 2.3 Throwing
 + Level 3.5 Armour
 + Level 3.5 Dodging
 + Level 3.3 Stealth
 + Level 2.3 Shields
 + Level 5.1 Unarmed Combat
 + Level 5.5 Spellcasting
 + Level 1.9 Conjurations
 + Level 1.9 Hexes
 + Level 1.9 Summonings
 + Level 1.9 Necromancy
 + Level 1.9 Translocations
 + Level 1.9 Transmutations
 + Level 2.9 Fire Magic
 + Level 1.9 Ice Magic
 + Level 1.9 Air Magic
 + Level 1.9 Earth Magic
 + Level 1.9 Poison Magic
 + Level 3.7 Invocations
 + Level 2.3 Evocations


You had 16 spell levels left.
You knew the following spells:

 Your Spells              Type           Power      Damage    Failure   Level
a - Foxfire               Conj/Fire      36%        2x1d5     7%          1

Your spell library contained the following spells:

 Spells                   Type           Power      Damage    Failure   Level
 Ignite Poison            Fire/Tmut/Pois 8%         N/A       22%         3


Dungeon Overview and Level Annotations

Branches:
Dungeon (5/15)
 Temple: D:4-7

Altars:

Shops:
D:3 *   D:4 !

Annotations:
D:4 Duvessa


Innate Abilities, Weirdness & Mutations

You have very sharp teeth.
Your uncanny sense of smell can sniff out nearby items.
Your experience applies equally to all skills.


Message History

Duvessa is heavily wounded.
The foxfire hits Duvessa.
Duvessa is heavily wounded.
Duvessa hits you with a +0 rapier!
* * * LOW HITPOINT WARNING * * *
Duvessa barely misses you.
You feel much better. Duvessa hits you with a +0 rapier!
Casting: Foxfire (safe; 7% risk of failure)
Confirm with . or Enter, or press ? or * to list all spells.
You conjure some foxfire!
Duvessa hits you with a +0 rapier. x2
You closely miss Duvessa.
Duvessa is heavily wounded.
The foxfire hits Duvessa.
Duvessa is heavily wounded.
The foxfire hits Duvessa.
Duvessa is heavily wounded.
Duvessa hits you but does no damage. Duvessa hits you with a +0 rapier.
* * * LOW HITPOINT WARNING * * *
It was a potion of curing.
You feel better. Duvessa hits you but does no damage.
Unknown command.
Casting: Foxfire (safe; 7% risk of failure)
Confirm with . or Enter, or press ? or * to list all spells.
You conjure some foxfire!
Duvessa hits you with a +0 rapier!
* * * LOW HITPOINT WARNING * * *
Duvessa hits you but does no damage.
You hit Duvessa. Your punch misses Duvessa.
Duvessa is severely wounded.
You feel less wooden.
The +0 pair of gloves "Asil" {Will+} unmelds from your body.
Your +1 pair of boots unmelds from your body.
Your +0 robe unmelds from your body.
The foxfire hits Duvessa but does no damage.
Duvessa is severely wounded.
The foxfire hits Duvessa.
Duvessa is severely wounded.
Duvessa hits you with a +0 rapier.
* * * LOW HITPOINT WARNING * * *
Duvessa hits you with a +0 rapier!
You die...

..#.......#...######..........#
....#............<.#..........#
.......##..........#..........###
....#####..............#####.....
.#### #...........#.## ###... .#
#..........##.# #... ###
####..(..<.......########...
..####...........ยง.##......##....
#..............e@..........#.....
.......##.#...########.......####
#####.##......# ####...######
.........##...####......#
.#.................###.##
#................####..#
#.............##......##
.........##...######.##
##....######### ###


You could see Duvessa (berserk).

Vanquished Creatures
  A bullfrog (D:3)
  Dowan (D:4)
  2 hounds
  Ijyb (D:2)
  Terence (D:2)
  2 iguanas (D:3)
  4 gnolls (D:2)
  4 adders
  3 worms
  3 dart slugs
  6 orcs
  7 bats
  6 endoplasms
  3 giant cockroaches
  7 hobgoblins
  2 jackals (D:3)
  12 kobolds
  5 quokkas
  11 ball pythons
  A frilled lizard (D:1)
  11 goblins
  2 rats
95 creatures vanquished.

Vanquished Creatures (collateral kills)
  A foxfire (D:1)
1 creature vanquished.

Vanquished Creatures (others)
  303 foxfires
303 creatures vanquished.

Grand Total: 399 creatures vanquished

Notes
Turn   | Place    | Note
-------+----------+-------------------------------------------
     0 | D:1      | zazu2006 the Gnoll Wanderer began the quest for the Orb.
     0 | D:1      | zazu2006 set off with the following items: a +0 dagger, a
                  | potion of berserk rage, a +0 pair of boots, a potion of
                  | heal wounds, a +0 robe, a potion of brilliance; and the
                  | following spell memorised: Foxfire; and the following
                  | spells available to memorise: Ignite Poison.
     0 | D:1      | Reached XP level 1. HP: 17/17 MP: 6/6
    90 | D:1      | Found a faded altar of an unknown god.
   249 | D:1      | Reached XP level 2. HP: 23/23 MP: 5/7
  1194 | D:1      | Reached skill level 5 in Spellcasting
  1194 | D:1      | Reached XP level 3. HP: 28/28 MP: 5/9
  1631 | D:2      | You fall into a shaft and drop 2 floors!
  1649 | D:4      | Reached skill level 1 in Short Blades
  1649 | D:4      | Reached skill level 1 in Long Blades
  1649 | D:4      | Reached skill level 1 in Axes
  1649 | D:4      | Reached skill level 1 in Maces & Flails
  1649 | D:4      | Reached skill level 1 in Polearms
  1649 | D:4      | Reached skill level 1 in Staves
  1649 | D:4      | Reached skill level 1 in Ranged Weapons
  1649 | D:4      | Reached skill level 1 in Throwing
  1649 | D:4      | Reached skill level 1 in Shields
  1649 | D:4      | Reached skill level 1 in Evocations
  1689 | D:4      | Found Woenweab's Distillery.
  1779 | D:4      | Reached XP level 4. HP: 34/34 MP: 9/11
  1867 | D:4      | Noticed Duvessa
  1867 | D:4      | Noticed Dowan
  1946 | D:3      | Reached skill level 1 in Conjurations
  1946 | D:3      | Reached skill level 1 in Hexes
  1946 | D:3      | Reached skill level 1 in Summonings
  1946 | D:3      | Reached skill level 1 in Necromancy
  1946 | D:3      | Reached skill level 1 in Translocations
  1946 | D:3      | Reached skill level 1 in Transmutations
  1946 | D:3      | Reached skill level 1 in Ice Magic
  1946 | D:3      | Reached skill level 1 in Air Magic
  1946 | D:3      | Reached skill level 1 in Earth Magic
  1946 | D:3      | Reached skill level 1 in Poison Magic
  2201 | D:3      | Noticed a bullfrog
  2210 | D:3      | Killed a bullfrog
  2211 | D:3      | Reached XP level 5. HP: 28/41 MP: 6/12
  2481 | D:3      | Reached XP level 6. HP: 47/47 MP: 9/13
  2565 | D:3      | Reached skill level 5 in Unarmed Combat
  2614 | D:3      | Found Sisatzyaf's Assorted Antiques.
  2622 | D:3      | Bought a potion of heal wounds for 105 gold pieces
  2919 | D:3      | Bought a sedimented coppery potion for 18 gold pieces
  2919 | D:3      | Bought a fuming grey potion for 18 gold pieces
  2919 | D:3      | Bought a blue potion for 18 gold pieces
  3229 | D:5      | Entered Level 5 of the Dungeon
  3244 | D:5      | Noticed a black bear
  3423 | D:4      | Killed Dowan
  3445 | D:3      | Bought a scroll labelled HESTRY POHIPHE for 21 gold pieces
  3617 | D:2      | Noticed Ijyb
  3656 | D:2      | Killed Ijyb
  4150 | D:2      | Identified the +0 pair of gloves "Asil" {Will+}
  4270 | D:2      | Reached XP level 7. HP: 52/52 MP: 12/15
  4304 | D:2      | Noticed Terence
  4313 | D:2      | Killed Terence
  4932 | D:4      | Slain by Duvessa

Illustrated notes

Levels and vault maps discovered:
D:1:      dpeg_arrival_stone_temple_mockup, layout_basic,
          dreamdust_ecumenical_altar_grove, minmay_tall_x
D:2:      kennysheep_the_goblin_king, layout_basic, minmay_misc_feat_diagonals,
          uniq_terence
D:3:      layout_basic, serial_shops, nicolae_shop_gibbet_a_chance
D:4:      layout_rooms, serial_shops, nicolae_shop_crystal, uniq_duvessa
D:5:      layout_rooms, mainiacjoe_overflow_divided_tiny,
          minmay_a_box_with_orc_wizards_in_it

Skill      XL: |  1  2  3  4  5  6 |
---------------+-------------------+-----
Fire Magic     | 2 |  2.9
Spellcasting   | 5 |  5.5
Short Blades   | 1 2 |  2.3
Long Blades    | 1 2 |  2.3
Axes           | 1 2 |  2.3
Maces & Flails | 1 2 |  2.3
Polearms       | 1 2 |  2.3
Staves         | 1 2 |  2.3
Ranged Weapons | 1 2 |  2.3
Throwing       | 1 2 |  2.3
Shields        | 1 2 |  2.3
Evocations     | 1 2 |  2.3
Conjurations   | 1 |  1.9
Hexes          | 1 |  1.9
Summonings     | 1 |  1.9
Necromancy     | 1 |  1.9
Translocations | 1 |  1.9
Transmutations | 1 |  1.9
Ice Magic      | 1 |  1.9
Air Magic      | 1 |  1.9
Earth Magic    | 1 |  1.9
Poison Magic   | 1 |  1.9
Fighting       | 3 |  3.5
Armour         | 3 |  3.5
Dodging        | 3 |  3.5
Invocations    | 3 |  3.7
Stealth        | 3 |  3.3
Unarmed Combat | 5 |  5.1

Action                     |  1- 3 |  4- 6 |  7- 9 || total
---------------------------+-------+-------+-------++-------
  Melee: Dagger            |    22 |       |       ||    22
         Long sword        |     4 |    74 |    13 ||    91
         Bite              |     1 |    11 |       ||    12
         Punch             |       |       |     1 ||     1
   Cast: Foxfire           |    56 |   134 |    13 ||   203
  Evoke: Wand              |       |     2 |     1 ||     3
    Use: Potion            |       |     3 |     4 ||     7
         Scroll            |       |     1 |     3 ||     4
 Armour: Robe              |    15 |    24 |     1 ||    40
         Skin              |       |       |    11 ||    11
  Dodge: Dodged            |    39 |   116 |    16 ||   171

Table legend: (Time is in decaauts)
 A = Elapsed time spent in this place.
 B = Non-inter-level travel time spent in this place.
 C = Inter-level travel time spent in this place.
 D = Time resting spent in this place.
 E = Time spent auto-exploring this place.
 F = Levels seen in this place.
 G = Mean time per level.
                   A        B        C        D        E       F      G
               +--------+--------+--------+--------+--------+-----+--------+
         Total |   4975 |   4749 |    226 |     38 |   3631 |   5 |  995.0 |
       Dungeon |   4975 |   4749 |    226 |     38 |   3631 |   5 |  995.0 |
               +--------+--------+--------+--------+--------+-----+--------+

Top non-repeatable levels by time:
     D:1: 1671 daAuts
     D:2: 1216 daAuts
     D:3: 1175 daAuts
     D:4: 858 daAuts
     D:5: 53 daAuts
